SAAA
ATHLETIC CLUB KC RESERVES @ SALT LAKE CITY BUZZ
08/21/2033
 
TOP OF THE 1ST
Athletic Club KC Reserves batting - Pitching for Salt Lake City Buzz : LHP Andrew Holloway
Pitching: LHP Andrew Holloway
Batting: RHB Arturo Annunziato 0-0: Ball
1-0: Called Strike
1-1: Swinging Strike
1-2: Ball
2-2: Fly out, F8 (Flyball, 89D)
Batting: RHB Tasuku Goto 0-0: Called Strike
0-1: Ball
1-1: Ball
2-1: Fly out, F2 (Popup, 23F)
Batting: RHB Abeni Mbanefo 0-0: Fly out, F8 (Line Drive, 8RD)
Top of the 1st over - 0 runs, 0 hits, 0 errors, 0 left on base; Athletic Club KC 0 - Salt Lake City 0
BOTTOM OF THE 1ST
Salt Lake City Buzz batting - Pitching for Athletic Club KC Reserves : RHP Kamisese Alohinani
Pitching: RHP Kamisese Alohinani
Batting: RHB Germán Espantoso 0-0: Called Strike
0-1: Called Strike
0-2: Strikes out swinging
Batting: RHB Luo-lang Li 0-0: Ball
1-0: Foul Ball, location: 2F
1-1: Swinging Strike
1-2: Ball
2-2: Strikes out swinging
Batting: RHB Giobbe Bastedo 0-0: Swinging Strike
0-1: Foul Ball, location: 2F
0-2: Ball
1-2: Foul Ball, location: 2F
1-2: SINGLE (Groundball, 56S) (infield hit)
Batting: RHB Scott Ramsey 0-0: Called Strike
0-1: Foul Ball, location: 2F
0-2: SINGLE (Line Drive, 4D)
Giobbe Bastedo to second
Runner from 2nd tries for 3rd, SAFE, no throw
Batting: RHB Olaf Esveld 0-0: DOUBLE (Line Drive, 8RXD)
Giobbe Bastedo scores
Scott Ramsey to third
Runner from 3rd tries for Home, SAFE, no throw
Batting: RHB Vicente Cruz 0-0: Called Strike
0-1: Ground out 6-3 (Groundball, 6M)
Bottom of the 1st over - 2 runs, 3 hits, 0 errors, 1 left on base; Athletic Club KC 0 - Salt Lake City 2
TOP OF THE 2ND
Athletic Club KC Reserves batting - Pitching for Salt Lake City Buzz : LHP Andrew Holloway
Batting: LHB Onye Mahusay 0-0: Ball
1-0: Called Strike
1-1: Ground out U3 (Groundball, 34)
Batting: LHB Tony García 0-0: Ball
1-0: Called Strike
1-1: Foul Ball, location: 2F
1-2: Foul Ball, location: 2F
1-2: Ball
2-2: Fly out, F8 (Flyball, 8RS)
Batting: LHB Kwang-chih Feng 0-0: Called Strike
0-1: Foul Ball, location: 2F
0-2: Ball
1-2: Ball
2-2: SINGLE (Line Drive, 89S)
Batting: RHB Dewey Nauss 0-0: Ball
1-0: Called Strike
1-1: Foul Ball, location: 2F
1-2: Fly out, F8 (Flyball, 8LD)
Top of the 2nd over - 0 runs, 1 hit, 0 errors, 1 left on base; Athletic Club KC 0 - Salt Lake City 2
BOTTOM OF THE 2ND
Salt Lake City Buzz batting - Pitching for Athletic Club KC Reserves : RHP Kamisese Alohinani
Batting: RHB Fytor Ceia 0-0: Ground out 4-3 (Groundball, 4M)
Batting: RHB Fontana Contaldo 0-0: Called Strike
0-1: Ball
1-1: Ball
2-1: Fly out, F5 (Popup, 56S)
Batting: RHB Alejandro Herrera 0-0: Called Strike
0-1: SINGLE (Line Drive, 6D)
Batting: RHB Germán Espantoso 0-0: Called Strike
0-1: Called Strike
Alejandro Herrera is caught stealing 2nd base
Bottom of the 2nd over - 0 runs, 1 hit, 0 errors, 0 left on base; Athletic Club KC 0 - Salt Lake City 2
TOP OF THE 3RD
Athletic Club KC Reserves batting - Pitching for Salt Lake City Buzz : LHP Andrew Holloway
Batting: RHB Cristóbal Covarrubiois 0-0: Ball
1-0: Ball
2-0: Swinging Strike
2-1: Ground out 4-3 (Groundball, 4)
Batting: SHB Sul-shik Yu 0-0: Foul Ball, location: 2F
0-1: Ball
1-1: Ball
2-1: Swinging Strike
2-2: Ground out 5-3 (Groundball, 56)
Batting: RHB Arturo Annunziato 0-0: Ball
1-0: Ground out 4-3 (Groundball, 4)
Top of the 3rd over - 0 runs, 0 hits, 0 errors, 0 left on base; Athletic Club KC 0 - Salt Lake City 2
BOTTOM OF THE 3RD
Salt Lake City Buzz batting - Pitching for Athletic Club KC Reserves : RHP Kamisese Alohinani
Batting: RHB Germán Espantoso 0-0: Ball
1-0: Foul Ball, location: 2F
1-1: Ground out 6-3 (Groundball, 6)
Batting: RHB Luo-lang Li 0-0: Ball
1-0: Called Strike
1-1: Swinging Strike
1-2: Strikes out swinging
Batting: RHB Giobbe Bastedo 0-0: Swinging Strike
0-1: Foul Ball, location: 2F
0-2: Strikes out swinging
Bottom of the 3rd over - 0 runs, 0 hits, 0 errors, 0 left on base; Athletic Club KC 0 - Salt Lake City 2
TOP OF THE 4TH
Athletic Club KC Reserves batting - Pitching for Salt Lake City Buzz : LHP Andrew Holloway
Batting: RHB Tasuku Goto 0-0: Fly out, F9 (Flyball, 9D)
Batting: RHB Abeni Mbanefo 0-0: Ball
1-0: Reached on error, E1 (Groundball, 13)
Batting: LHB Onye Mahusay 0-0: Foul Ball, location: 2F
0-1: Foul Ball, location: 2F
0-2: Ball
1-2: Foul Ball, location: 2F
1-2: Ball
2-2: Fly out, F7 (Flyball, 7)
Batting: LHB Tony García 0-0: Ball
1-0: Foul Ball, location: 2F
1-1: SINGLE (Groundball, 4D)
Abeni Mbanefo to third
Runner from 3rd tries for Home, SAFE, no throw
Batting: LHB Kwang-chih Feng 0-0: Ball
1-0: Foul Ball, location: 2F
1-1: Ball
2-1: Foul Ball, location: 2F
2-2: Ball
3-2: Fly out, F9 (Flyball, 89M)
Top of the 4th over - 1 run, 1 hit, 1 error, 1 left on base; Athletic Club KC 1 - Salt Lake City 2
BOTTOM OF THE 4TH
Salt Lake City Buzz batting - Pitching for Athletic Club KC Reserves : RHP Kamisese Alohinani
Batting: RHB Scott Ramsey 0-0: Swinging Strike
0-1: Ball
1-1: Ball
2-1: SOLO HOME RUN (Flyball, 7LD), Distance : 375 ft
Batting: RHB Olaf Esveld 0-0: Foul Ball, location: 2F
0-1: Ball
1-1: Called Strike
1-2: Ground out 4-3 (Groundball, 4MS)
Batting: RHB Vicente Cruz 0-0: Called Strike
0-1: Fly out, F8 (Flyball, 8LM)
Batting: RHB Fytor Ceia 0-0: Swinging Strike
0-1: Called Strike
0-2: Strikes out looking
Bottom of the 4th over - 1 run, 1 hit, 0 errors, 0 left on base; Athletic Club KC 1 - Salt Lake City 3
TOP OF THE 5TH
Athletic Club KC Reserves batting - Pitching for Salt Lake City Buzz : LHP Andrew Holloway
Batting: RHB Dewey Nauss 0-0: DOUBLE (Flyball, 8LXD)
Batting: RHB Cristóbal Covarrubiois 0-0: Ball
1-0: Foul Ball, location: 2F
1-1: Ball
2-1: Foul Ball, location: 2F
2-2: Foul Ball, location: 2F
2-2: Foul Ball, location: 2F
2-2: Strikes out swinging
Batting: SHB Sul-shik Yu 0-0: Called Strike
0-1: Foul Ball, location: 2F
0-2: Ball
1-2: Ball
2-2: Ground out 6-3 (Groundball, 6)
Batting: RHB Arturo Annunziato 0-0: Called Strike
0-1: Fly out, F8 (Flyball, 89M)
Top of the 5th over - 0 runs, 1 hit, 0 errors, 1 left on base; Athletic Club KC 1 - Salt Lake City 3
BOTTOM OF THE 5TH
Salt Lake City Buzz batting - Pitching for Athletic Club KC Reserves : RHP Kamisese Alohinani
Batting: RHB Fontana Contaldo 0-0: Ball
1-0: Called Strike
1-1: Ground out 5-3 (Groundball, 5)
Batting: RHB Alejandro Herrera 0-0: Called Strike
0-1: Ball
1-1: Foul Ball, location: 2F
1-2: Ground out 5-3 (Groundball, 56)
Batting: RHB Germán Espantoso 0-0: Ball
1-0: Ball
2-0: Called Strike
2-1: Foul Ball, location: 2F
2-2: Foul Ball, location: 2F
2-2: Ball
3-2: Foul Ball, location: 2F
3-2: DOUBLE (Flyball, 78D)
Batting: RHB Luo-lang Li 0-0: Ground out 6-3 (Groundball, 6)
Bottom of the 5th over - 0 runs, 1 hit, 0 errors, 1 left on base; Athletic Club KC 1 - Salt Lake City 3
TOP OF THE 6TH
Athletic Club KC Reserves batting - Pitching for Salt Lake City Buzz : LHP Andrew Holloway
Batting: RHB Tasuku Goto 0-0: SOLO HOME RUN (Line Drive, 7D), Distance : 398 ft
Batting: RHB Abeni Mbanefo 0-0: Ground out 6-3 (Groundball, 56)
Batting: LHB Onye Mahusay 0-0: Foul Ball, location: 2F
0-1: Foul Ball, location: 2F
0-2: Strikes out swinging, 2-3 out at first.
Batting: LHB Tony García 0-0: Called Strike
0-1: Ball
1-1: Swinging Strike
1-2: Foul Ball, location: 2F
1-2: Strikes out swinging
Top of the 6th over - 1 run, 1 hit, 0 errors, 0 left on base; Athletic Club KC 2 - Salt Lake City 3
BOTTOM OF THE 6TH
Salt Lake City Buzz batting - Pitching for Athletic Club KC Reserves : RHP Kamisese Alohinani
Batting: RHB Giobbe Bastedo 0-0: Ground out 6-3 (Groundball, 6MS)
Batting: RHB Scott Ramsey 0-0: Called Strike
0-1: Ball
1-1: Swinging Strike
1-2: Ball
2-2: SINGLE (Line Drive, 3)
Batting: RHB Olaf Esveld 0-0: Ball
Passed Ball!
Scott Ramsey to second
1-0: Swinging Strike
1-1: SINGLE (Groundball, 6D)
Scott Ramsey to third
Batting: RHB Vicente Cruz 0-0: Grounds into double play, 4-6-3 (Groundball, 4)
Bottom of the 6th over - 0 runs, 2 hits, 0 errors, 1 left on base; Athletic Club KC 2 - Salt Lake City 3
TOP OF THE 7TH
Athletic Club KC Reserves batting - Pitching for Salt Lake City Buzz : LHP Andrew Holloway
Pitching: LHP Scott Mildren
Batting: LHB Kwang-chih Feng 0-0: Ball
1-0: Called Strike
1-1: Swinging Strike
1-2: Foul Ball, location: 2F
1-2: Strikes out swinging
Batting: RHB Dewey Nauss 0-0: Ball
1-0: Ball
2-0: Swinging Strike
2-1: Ball
3-1: Base on Balls
Batting: RHB Cristóbal Covarrubiois 0-0: Foul Ball, location: 2F
0-1: Called Strike
0-2: Ball
1-2: Ball
2-2: Ball
3-2: Foul Ball, location: 2F
3-2: Fly out, F9 (Flyball, 9)
Pinch Hitting: RHB Troy Whitehurst 0-0: Ball
1-0: Ball
2-0: Ball
3-0: Called Strike
3-1: Base on Balls
Dewey Nauss to second
Batting: RHB Arturo Annunziato 0-0: Ball
1-0: Foul Ball, location: 2F
1-1: DOUBLE (Line Drive, 7LS)
Dewey Nauss scores
Troy Whitehurst to third
Batting: RHB Tasuku Goto 0-0: Called Strike
0-1: Ball
1-1: Ball
2-1: Ground out 4-3 (Groundball, 4MD)
Top of the 7th over - 1 run, 1 hit, 0 errors, 2 left on base; Athletic Club KC 3 - Salt Lake City 3
BOTTOM OF THE 7TH
Salt Lake City Buzz batting - Pitching for Athletic Club KC Reserves : RHP Kamisese Alohinani
Now in RF: Troy Whitehurst
Batting: RHB Fytor Ceia 0-0: Ball
1-0: Ball
2-0: Fly out, F7 (Flyball, 78S)
Batting: RHB Fontana Contaldo 0-0: Ball
1-0: Swinging Strike
1-1: Called Strike
1-2: Ball
2-2: Foul Ball, location: 2F
2-2: Strikes out swinging
Batting: RHB Alejandro Herrera 0-0: Called Strike
0-1: Foul Ball, location: 2F
0-2: Ball
1-2: Strikes out swinging
Bottom of the 7th over - 0 runs, 0 hits, 0 errors, 0 left on base; Athletic Club KC 3 - Salt Lake City 3
TOP OF THE 8TH
Athletic Club KC Reserves batting - Pitching for Salt Lake City Buzz : LHP Scott Mildren
Batting: RHB Abeni Mbanefo 0-0: Ball
1-0: Ball
2-0: Foul Ball, location: 2F
2-1: Ball
3-1: Swinging Strike
3-2: Strikes out swinging
Batting: LHB Onye Mahusay 0-0: Called Strike
0-1: Ball
1-1: Foul Ball, location: 2F
1-2: Fly out, F6 (Line Drive, 6M)
Batting: LHB Tony García 0-0: Foul Ball, location: 2F
0-1: Ball
1-1: Ball
2-1: Fly out, F6 (Popup, 6)
Top of the 8th over - 0 runs, 0 hits, 0 errors, 0 left on base; Athletic Club KC 3 - Salt Lake City 3
BOTTOM OF THE 8TH
Salt Lake City Buzz batting - Pitching for Athletic Club KC Reserves : RHP Kamisese Alohinani
Pitching: LHP Hezekiah Grimsley
Batting: RHB Germán Espantoso 0-0: Ball
1-0: Ball
2-0: Ground out 1-3 (Groundball, 13S)
Batting: RHB Luo-lang Li 0-0: Ball
1-0: Ball
2-0: Ground out U3 (Groundball, 34)
Batting: RHB Giobbe Bastedo 0-0: Ball
1-0: Ball
2-0: Ball
3-0: Ground out 6-3 (Groundball, 6D)
Bottom of the 8th over - 0 runs, 0 hits, 0 errors, 0 left on base; Athletic Club KC 3 - Salt Lake City 3
TOP OF THE 9TH
Athletic Club KC Reserves batting - Pitching for Salt Lake City Buzz : LHP Scott Mildren
Pitching: RHP Luis Bejarano
Batting: LHB Kwang-chih Feng 0-0: Called Strike
0-1: Called Strike
0-2: Fly out, F9 (Flyball, 89D)
Batting: RHB Dewey Nauss 0-0: Ball
1-0: Swinging Strike
1-1: Called Strike
1-2: Foul Ball, location: 2F
1-2: Strikes out swinging
Batting: RHB Cristóbal Covarrubiois 0-0: Ball
1-0: Ball
2-0: Ball
3-0: Called Strike
3-1: Called Strike
3-2: Strikes out swinging
Top of the 9th over - 0 runs, 0 hits, 0 errors, 0 left on base; Athletic Club KC 3 - Salt Lake City 3
BOTTOM OF THE 9TH
Salt Lake City Buzz batting - Pitching for Athletic Club KC Reserves : LHP Hezekiah Grimsley
Pitching: RHP Taalay Ibragimov
Batting: RHB Scott Ramsey 0-0: Ball
1-0: Foul Ball, location: 2F
1-1: Foul Ball, location: 2F
1-2: Ball
2-2: Ball
3-2: Fly out, F7 (Line Drive, 78D)
Batting: RHB Olaf Esveld 0-0: Ground out 6-3 (Groundball, 6)
Batting: RHB Vicente Cruz 0-0: Called Strike
0-1: Ball
1-1: Swinging Strike
1-2: Strikes out looking
Bottom of the 9th over - 0 runs, 0 hits, 0 errors, 0 left on base; Athletic Club KC 3 - Salt Lake City 3
TOP OF THE 10TH
Athletic Club KC Reserves batting - Pitching for Salt Lake City Buzz : RHP Luis Bejarano
Pitching: RHP Shotaro Sugahara
Batting: RHB Troy Whitehurst 0-0: Ball
1-0: Ground out U3 (Groundball, 3)
Batting: RHB Arturo Annunziato 0-0: Ball
1-0: Ball
2-0: Ball
3-0: Called Strike
3-1: SINGLE (Flyball, 7LM)
Pinch Hitting: LHB Michael Woodard 0-0: Called Strike
0-1: Called Strike
0-2: Foul Ball, location: 2F
0-2: Strikes out swinging
Batting: RHB Abeni Mbanefo 0-0: Ground out 4-3 (Groundball, 4)
Top of the 10th over - 0 runs, 1 hit, 0 errors, 1 left on base; Athletic Club KC 3 - Salt Lake City 3
BOTTOM OF THE 10TH
Salt Lake City Buzz batting - Pitching for Athletic Club KC Reserves : RHP Taalay Ibragimov
Now at 2B: Tony Osorio
Batting: RHB Fytor Ceia 0-0: Called Strike
0-1: Swinging Strike
0-2: Ball
1-2: Ball
2-2: Foul Ball, location: 2F
2-2: Fly out, F7 (Flyball, 78D)
Batting: RHB Fontana Contaldo 0-0: Foul Ball, location: 2F
0-1: Foul Ball, location: 2F
0-2: Ball
1-2: Ball
2-2: Strikes out swinging
Batting: RHB Alejandro Herrera 0-0: Foul Ball, location: 2F
0-1: Ball
1-1: Ball
2-1: Ball
3-1: Fly out, F8 (Flyball, 8LS)
Bottom of the 10th over - 0 runs, 0 hits, 0 errors, 0 left on base; Athletic Club KC 3 - Salt Lake City 3
TOP OF THE 11TH
Athletic Club KC Reserves batting - Pitching for Salt Lake City Buzz : RHP Shotaro Sugahara
Batting: LHB Onye Mahusay 0-0: Ball
1-0: Called Strike
1-1: Called Strike
1-2: Foul Ball, location: 2F
1-2: SINGLE (Line Drive, 56D)
Batting: LHB Tony García 0-0: Ball
1-0: Called Strike
1-1: Grounds into double play, 4-6-3 (Groundball, 4M)
Batting: LHB Kwang-chih Feng 0-0: Ball
1-0: Foul Ball, location: 2F
1-1: Swinging Strike
1-2: Strikes out swinging
Top of the 11th over - 0 runs, 1 hit, 0 errors, 0 left on base; Athletic Club KC 3 - Salt Lake City 3
BOTTOM OF THE 11TH
Salt Lake City Buzz batting - Pitching for Athletic Club KC Reserves : RHP Taalay Ibragimov
Pitching: RHP Adam Oldenkamp
Batting: RHB Germán Espantoso 0-0: Called Strike
0-1: SINGLE (Line Drive, 4S) (infield hit)
Batting: RHB Luo-lang Li 0-0: Foul Ball, location: 2F
0-1: Foul Ball, location: 2F
0-2: Foul Ball, location: 2F
0-2: Reached on error, E1 (Groundball, 13)
Germán Espantoso to second
Batting: RHB Giobbe Bastedo 0-0: SINGLE (Groundball, 56D)
Germán Espantoso to third
Luo-lang Li to second
Batting: RHB Scott Ramsey 0-0: Ball
1-0: SINGLE (Groundball, 6MD)
Germán Espantoso scores
Saturday, December 22nd, 2018 - OOTP Baseball 18.8 Build 76